 Dungeon Crawl Stone Soup version 0.26.1-11-gd32895ea62 (webtiles) character file.

Game seed: 17138879890937604396

883 Rediskos the Conjurer (level 8, -1/57 HPs)
             Began as a Human Fire Elementalist on Apr 20, 2021.
             Shot with an arrow by a centaur (3 damage)
             ... on level 5 of the Dungeon.
             The game lasted 00:17:09 (6774 turns).

Rediskos the Conjurer (Human Fire Elementalist)     Turns: 6774, Time: 00:17:09

Health: -1/57      AC:  4    Str: 13    XL:     8   Next: 26%
Magic:  10/14      EV: 12    Int: 17    God:
Gold:   205        SH:  5    Dex: 13    Spells: 6/15 levels left

rFire    . . .     SeeInvis .   v - +7 hunting sling of Wumeiball {venom, rN+ Str+3}
rCold    + . .     Faith    .   (no shield)
rNeg     + . .     Spirit   .   w - +0 leather armour
rPois    .         Reflect  +   (no helmet)
rElec    .         Harm     .   (no cloak)
rCorr    .         Rampage  .   (no gloves)
Will     .....                  i - +0 pair of boots
Stlth    ++........             u - amulet of reflection
HPRegen  0.19/turn              m - ring of protection from cold
MPRegen  0.14/turn              (no ring)

@: no status effects
A: no striking features
a: no special abilities


You were on level 5 of the Dungeon.
You visited 1 branch of the dungeon, and saw 5 of its levels.

You collected 205 gold pieces.

Inventory:

Hand Weapons
 d - a +0 hunting sling
 v - the +7 hunting sling of Wumeiball (weapon) {venom, rN+ Str+3}
   (You found it on level 4 of the Dungeon)

   It poisons the ammo it fires.
   It affects your strength (+3).
   It protects you from negative energy.
Missiles
 c - 80 sling bullets (quivered ammo)
 r - 4 poisoned darts
Armour
 a - a +0 robe
 i - a +0 pair of boots (worn)
 w - a +0 leather armour (worn)
Jewellery
 m - a ring of protection from cold (left hand)
 u - an amulet of reflection (around neck)
Wands
 b - a wand of iceblast (12)
Scrolls
 e - 3 scrolls of teleportation
 f - 4 scrolls of remove curse
 g - a scroll of fog
 k - 6 scrolls of identify
 l - 2 scrolls of enchant armour {unknown}
Potions
 h - a potion of might {unknown}
 j - a potion of berserk rage {unknown}
 n - a potion of magic {unknown}
 o - 2 potions of flight {unknown}
 p - 2 potions of curing {unknown}
 q - a potion of brilliance {unknown}
 s - a potion of mutation {unknown}
 t - a potion of cancellation {unknown}


   Skills:
 + Level 2.8 Fighting
 - Level 3.0 Dodging
 - Level 2.0 Stealth
 + Level 4.2 Spellcasting
 * Level 5.2 Conjurations
 + Level 5.1 Fire Magic


You had 6 spell levels left.
You knew the following spells:

 Your Spells              Type           Power        Failure   Level
a - Foxfire               Conj/Fire      84%          2%          1
b - Conjure Flame         Conj/Fire      21%          7%          3
c - Fireball              Conj/Fire      10%          54%         5

Your spell library contained the following spells:

 Spells                   Type           Power        Failure   Level
 Inner Flame              Hex/Fire       12%          21%         3
 Sticky Flame             Conj/Fire      21%          22%         4


Dungeon Overview and Level Annotations

Branches:
Dungeon (5/15)
 Temple: D:4-7

Altars:
Gozag
Nemelex Xobeh

Annotations:
D:5 Menkaure, Prince Ribbit


Message History

The centaur shoots an arrow.
The arrow hits you! The arrow burns you.
The centaur shoots an arrow.
The arrow hits you! The arrow burns you.
Casting: Foxfire (safe; 2% risk of failure)
Confirm with . or Enter, or press ? or * to list all spells.
You conjure some foxfire!
The foxfire hits the centaur.
The centaur is heavily wounded.
The foxfire hits the centaur.
The centaur is severely wounded.
The centaur shoots an arrow.
The arrow hits you!
* * * LOW HITPOINT WARNING * * *
The arrow burns you.
* * * LOW HITPOINT WARNING * * *
The foxfire hits the centaur.
The centaur is almost dead.
The foxfire hits the centaur but does no damage.
The centaur is almost dead.
The centaur shoots an arrow.
The arrow hits you!
* * * LOW HITPOINT WARNING * * *
The arrow burns you.
You die...

#..........#
#..........#
..>.......#
#........#
##........##
#..........#
#.....§....#
#....@.§...###
#....§.§.....#
#.....§....#.
##..<..§.c.#
##......#.#
#####.## ...
#.# #..# #.#
#5.. ##.# #.#.


You could see a centaur.

Vanquished Creatures
  Pikel (D:4)
  A sky beast (D:4)
  A lemure (D:4)
  A hound (D:4)
  2 iguanas
  2 worker ants (D:4)
  8 adders
  A shadow imp (D:5)
  2 oozes
  2 adder skeletons (D:4)
  6 worms
  2 dart slugs
  2 leopard geckos (D:2)
  7 orcs
  A giant cockroach (D:4)
  14 goblins
  7 hobgoblins
  2 jackals (D:4)
  10 bats
  9 frilled lizards
  4 kobolds
  7 rats
92 creatures vanquished.

Vanquished Creatures (others)
  385 foxfires
385 creatures vanquished.

Grand Total: 477 creatures vanquished

Notes
Turn   | Place    | Note
-------+----------+-------------------------------------------
     0 | D:1      | Rediskos the Human Fire Elementalist began the quest for
                  | the Orb.
     0 | D:1      | Reached XP level 1. HP: 13/13 MP: 3/3
   472 | D:1      | Reached XP level 2. HP: 19/19 MP: 3/5
  1257 | D:2      | Reached XP level 3. HP: 17/24 MP: 0/6
  1586 | D:2      | Reached XP level 4. HP: 30/30 MP: 3/7
  1623 | D:2      | Learned a level 3 spell: Conjure Flame
  2527 | D:3      | Reached XP level 5. HP: 35/35 MP: 5/9
  3000 | D:3      | Found an opulent altar of Gozag.
  3617 | D:3      | Found a sparkling altar of Nemelex Xobeh.
  3760 | D:4      | Learned a level 5 spell: Fireball
  3824 | D:4      | Got a steaming hunting sling
  3942 | D:3      | Identified the +7 hunting sling of Wumeiball {venom, rN+
                  | Str+3} (You found it on level 4 of the Dungeon)
  4068 | D:4      | Reached XP level 6. HP: 41/41 MP: 6/10
  4212 | D:4      | Noticed a sky beast
  4224 | D:4      | Killed a sky beast
  4225 | D:4      | Reached skill level 1 in Fighting
  5015 | D:4      | Reached XP level 7. HP: 48/48 MP: 8/12
  5271 | D:5      | Entered Level 5 of the Dungeon
  5271 | D:5      | Noticed Prince Ribbit
  5271 | D:5      | Noticed Menkaure
  5313 | D:5      | Noticed Pikel
  6527 | D:4      | Killed Pikel
  6528 | D:4      | Reached skill level 5 in Conjurations
  6528 | D:4      | Reached skill level 5 in Fire Magic
  6528 | D:4      | Reached XP level 8. HP: 13/57 MP: 5/14
  6774 | D:5      | HP: 2/57 [centaur/arrow (9)]
  6774 | D:5      | Shot with an arrow by a centaur

Illustrated notes

Levels and vault maps discovered:
D:1:      dpeg_arrival_radiant, layout_loops_corners
D:2:      layout_rooms
D:3:      layout_rooms, lemuel_coloured_pillars_altar, marbit_many_paths
D:4:      minmay_clustersquares, layout_rooms
D:5:      layout_rooms, minmay_temple_entry_waves, gup_ossuary_entry_pyramid,
          uniq_blork_the_orc, uniq_pikel, uniq_prince_ribbit1, uniq_menkaure

Skill      XL: |  1  2  3  4  5  6  7 |
---------------+----------------------+-----
Conjurations   | 2 3 5 |  5.2
Dodging        | 3 |  3.0
Spellcasting   | 3 4 |  4.2
Fire Magic     | 4 5 |  5.1
Fighting       | 1 2 |  2.8
Stealth        | |  2.0

Action                   |  1- 3 |  4- 6 |  7- 9 || total
-------------------------+-------+-------+-------++-------
 Fire: Hunting sling     |    14 |     6 |       ||    20
 Cast: Foxfire           |    43 |   145 |    44 ||   232
       Conjure Flame     |       |     1 |       ||     1
  Use: Scroll            |       |     9 |     2 ||    11
Armor: Robe              |     5 |     3 |     4 ||    12
       Leather armour    |       |       |     1 ||     1
Dodge: Dodged            |    21 |    28 |    27 ||    76
Block: Other             |       |    12 |     7 ||    19
       Reflection        |       |       |     1 ||     1
